Map: Dusty Gorge

Players

Massa

  • Race: Terran Terran
  • League: Gold
  • Spawn Location: 9:00

qqq

  • Race: Zerg Zerg
  • League: Platinum
  • Spawn Location: 11:00

Killy - Winner!

  • Race: Zerg Zerg
  • League: Diamond
  • Spawn Location: 5:00

MyrkChoro - Winner!

  • Race: Terran Terran
  • League: Platinum
  • Spawn Location: 3:00

VOD

Have the link to the VOD?

Description

Time

  • Played on: May 6, 2020, 2:24 p.m.
  • Length: 15:10
Show
View Real Time Build Order
Export as new Build Order

Massa Terran 

Build Orders:  

Get SALT Encoding   

  12  0:12  Supply Depot  
  12  0:13  SCV  
  13  0:25  SCV  
  14  0:37  SCV, Barracks  
  16  0:50  SCV  
  16  0:59  Supply Depot  
  16  1:02  SCV  
  17  1:13  Barracks  
  17  1:14  SCV  
  18  1:25  Marine  
  19  1:26  SCV  
  20  1:35  Barracks  
  20  1:42  Refinery  
  20  1:46  Marine  
  21  2:05  Barracks  
  21  2:08  Orbital Command  
  21  2:09  Marine  
  21  2:11  Marine  
  23  2:27  Marine  
  23  2:29  Marine  
  25  2:31  Marine, Supply Depot  
  26  2:44  SCV, Marine  
  26  2:47  Marine  
  26  2:49  Marine  
  30  2:55  Supply Depot  
  30  3:01  Marine  
  30  3:02  Marine  
  30  3:05  Marine  
  33  3:17  Marine  
  33  3:19  Marine  
  35  3:20  Marine  
  35  3:23  Marine  
  36  3:35  Marine  
  36  3:36  Marine  
  36  3:38  Marine  
  36  3:40  Marine  
  40  3:53  Marine  
  40  3:54  Marine  
  42  3:56  Marine  
  42  3:58  Marine  
  34  4:10  Marine  
  34  4:12  Marine  
  34  4:13  Marine  
  34  4:16  Marine  
  34  4:28  Marine  
  34  4:30  Marine  
  36  4:31  Marine  
  36  4:34  Marine  
  38  4:38  Factory  
  38  4:42  Command Center  
  35  4:53  Marine x2  
  35  4:54  Marine x2  
  32  5:11  Marine x4  
  32  5:29  Marine x4  
  32  5:30  SCV  
  32  5:34  Factory Tech Lab  
  37  5:42  SCV  
  38  5:54  SCV  
  39  6:03  SCV  
  40  6:06  SCV  
  41  6:11  Engineering Bay  
  41  6:12  Marine x4  
  41  6:15  SCV, Siege Tank  
  49  6:27  SCV  
  49  6:30  Marine x4  
  54  6:39  SCV  
  55  6:47  Marine, Siege Tank  
  55  6:48  Marine  
  55  6:49  SCV  
  55  6:51  SCV  
  62  7:06  Supply Depot  
  62  7:10  Missile Turret  
  62  7:27  SCV x2  
  62  7:29  Supply Depot  
  64  7:31  Command Center, Missile Turret  
  64  7:33  Marine x3  
  64  7:34  Marine  
  68  7:39  SCV x2  
  70  7:51  Marine x2  
  70  7:52  Supply Depot  
  70  7:53  Barracks Tech Lab, Missile Turret  
  70  7:55  Barracks Reactor  
  72  8:09  Marine x2  
  72  8:12  Refinery  
  75  8:13  Missile Turret  
  75  8:15  Orbital Command  
  74  8:22  Engineering Bay  
  74  8:29  Terran Infantry Weapons Level 1  
  74  8:37  Missile Turret  
  74  8:50  Armory  
  74  8:55  Marauder, Marine x4  
  77  8:57  Missile Turret  
  80  9:03  SCV x2  
  80  9:06  Orbital Command  
  82  9:13  Terran Infantry Armor Level 1, Marine x4  
  82  9:15  SCV x2  
  82  9:16  Marauder  
  90  9:24  Command Center, Siege Tank  
  93  9:27  SCV x2  
  93  9:31  Marine x4  
  97  9:32  Combat Shield  
  97  9:37  Armory  
  97  9:38  Marauder  
  101  10:09  Starport  
  101  10:36  Marine x5  
  106  10:51  Stimpack  
  106  10:53  Marine x5  
  111  11:08  Terran Vehicle And Ship Armor Level 1, Terran Vehicle Weapons Level 1  
  111  11:11  Marine x5  
  116  11:30  Orbital Command  
  116  11:40  Supply Depot  
  116  12:02  SCV x3, Marine x5  
  116  12:04  Supply Depot  
  124  12:23  SCV  
  124  12:24  SCV, Command Center  
  124  12:25  SCV, Marine  
  124  12:26  Supply Depot  
  120  12:32  Marauder  
  120  12:33  Marine x3  
  120  12:34  Thor  
  120  12:35  SCV  
  120  12:36  SCV  
  128  12:37  SCV  
  128  12:43  Marine  
  100  12:48  SCV  
  100  12:49  SCV  
  100  12:50  Supply Depot  
  100  12:51  Marine x3  
  88  12:54  Marauder  
  86  13:09  Factory  
  86  13:12  Viking  
  86  13:13  Supply Depot  
  86  13:14  Marine x4  
  86  13:15  Marauder  
  92  13:26  Refinery  
  92  13:29  Refinery  
  92  13:31  Refinery  
  92  13:32  Barracks, Marine x3  
  96  13:36  SCV x3, Supply Depot  
  96  13:37  SCV, Marauder  
  96  13:38  Orbital Command  
  102  13:48  Barracks Tech Lab, SCV x3  
  101  13:49  SCV  
  101  13:50  Marine x3, Concussive Shells  
  108  13:58  Marauder  
  108  14:00  SCV x2  
  108  14:01  SCV, Supply Depot  
  113  14:07  Marine  
  113  14:08  SCV x2, Marine x2  
  118  14:12  SCV  
  118  14:13  SCV x2  
  118  14:15  Marauder  
  123  14:19  Marine  
  123  14:20  SCV  
  123  14:21  Barracks  
  119  14:24  Supply Depot  
  119  14:25  Marine x2  
  119  14:26  Marine  
  112  14:36  Marauder  
  112  14:37  Marine  
  111  14:38  Missile Turret  
  111  14:43  Marine x3  
  111  14:46  Marine  
  112  14:56  Factory Tech Lab  
  112  14:57  Missile Turret  
Show
View Real Time Build Order
Export as new Build Order

qqq Zerg 

Build Orders: Hatch First 

Get SALT Encoding   

  12  0:03  Drone  
  13  0:08  Drone  
  14  0:36  Hatchery  
  13  0:53  Spawning Pool  
  13  0:57  Drone  
  13  1:00  Extractor  
  12  1:08  Overlord  
  12  1:13  Drone  
  13  1:19  Drone  
  14  1:30  Drone  
  15  1:43  Drone  
  15  1:46  Drone  
  17  1:49  Zergling x2  
  17  1:52  Zergling x2  
  19  1:57  Queen  
  21  2:05  Metabolic Boost  
  21  2:11  Zergling x2  
  21  2:13  Zergling x2  
  23  2:17  Zergling x2  
  24  2:25  Overlord  
  24  2:29  Zergling x2  
  25  2:38  Baneling Nest  
  25  2:41  Zergling x2  
  25  2:45  Drone  
  25  2:48  Zergling x2  
  27  2:52  Zergling x2  
  28  2:58  Zergling x2  
  28  3:00  Zergling x2  
  28  3:05  Zergling x2  
  31  3:18  Zergling x4  
  31  3:19  Zergling x4  
  36  3:34  Zergling x2  
  36  3:35  Overlord  
  36  3:36  Overlord  
  36  3:39  Baneling x2  
  36  3:42  Baneling  
  31  4:08  Zergling x6  
  31  4:09  Zergling x10  
  31  4:25  Baneling x2  
  30  4:33  Zergling x4  
  30  4:34  Zergling x4  
  32  4:50  Zergling x2  
  32  4:51  Zergling x8  
  29  5:07  Drone, Zergling x2  
  29  5:08  Zergling x2  
  29  5:13  Drone  
  30  5:33  Drone x2  
  32  5:39  Zergling x6  
  35  5:43  Lair  
  35  5:52  Zergling x2  
  35  5:55  Drone x2  
  38  5:57  Drone  
  38  6:01  Extractor  
  38  6:05  Hatchery  
  36  6:16  Baneling  
  36  6:17  Baneling  
  32  6:18  Baneling  
  32  6:19  Zergling x4  
  32  6:20  Drone x2  
  36  6:27  Drone  
  37  6:37  Zergling x4  
  39  6:42  Drone  
  40  6:52  Spire  
  40  6:53  Drone  
  40  6:57  Drone x2  
  42  7:03  Drone  
  43  7:12  Drone  
  44  7:17  Zergling x4  
  44  7:34  Hatchery  
  43  7:37  Zergling x2  
  43  7:40  Drone x6  
  50  8:08  Mutalisk x3  
  50  8:11  Overlord  
  50  8:12  Overlord x3  
  56  8:14  Zerg Flyer Weapons Level 1  
  56  8:20  Drone  
  57  8:29  Overlord  
  57  8:31  Mutalisk x3  
  61  8:54  Mutalisk  
  61  8:55  Zergling x4  
  59  8:56  Zergling x12  
  59  8:57  Zergling x4  
  62  9:18  Drone x2  
  62  9:19  Drone x6  
  70  9:27  Extractor  
  70  9:28  Mutalisk  
  70  9:29  Drone x2  
  70  9:30  Drone  
  70  9:31  Drone x2  
  71  10:00  Corruptor x2  
  71  10:03  Zergling x6  
  71  10:04  Zergling x8  
  71  10:05  Drone x4  
  86  10:21  Infestation Pit  
  86  10:23  Drone x3  
  86  10:25  Evolution Chamber  
  86  10:26  Drone x3, Evolution Chamber  
  86  10:27  Drone  
  90  10:30  Hatchery, Extractor  
  88  10:37  Mutalisk  
  90  11:00  Mutalisk  
  90  11:02  Drone x6  
  90  11:03  Drone x3  
  101  11:08  Hive  
  101  11:11  Extractor  
  101  11:13  Extractor  
  101  11:15  Drone x5  
  104  11:22  Overlord  
  104  11:23  Overlord  
  104  11:24  Overlord x2  
  101  12:07  Corruptor  
  101  12:08  Corruptor x2  
  105  12:24  Zerg Melee Weapons Level 1  
  105  12:25  Zerg Ground Armor Level 1  
  105  12:27  Ultralisk Cavern  
  100  12:36  Zergling x4  
  68  12:37  Zergling x12  
  68  12:38  Zergling x12  
  68  12:42  Mutalisk  
  82  12:53  Mutalisk x3  
  69  13:24  Ultralisk  
  75  13:28  Drone x3  
  84  13:34  Ultralisk  
  84  13:35  Zergling x2  
  84  13:36  Zergling x4  
  84  13:37  Zergling x2  
  84  13:41  Extractor  
  87  13:46  Hatchery  
  86  13:48  Hatchery  
  85  13:55  Hatchery  
  85  13:56  Anabolic Synthesis  
  85  13:58  Ultralisk  
  85  13:59  Zergling x4  
  85  14:00  Zergling x8  
  96  14:16  Overlord  
  96  14:19  Overlord x2  
  96  14:20  Overlord x2  
  95  14:39  Zergling x4  
Show
View Real Time Build Order
Export as new Build Order

Killy Zerg - Winner!

Build Orders: Hatch First, Lurkers, Zergling Baneling 

Get SALT Encoding   

  12  0:05  Drone  
  13  0:13  Overlord  
  13  0:21  Drone  
  14  0:31  Drone x2  
  16  0:41  Drone  
  17  0:56  Hatchery  
  16  0:59  Drone  
  17  1:04  Extractor  
  17  1:06  Drone  
  17  1:23  Drone  
  18  1:26  Spawning Pool  
  18  1:29  Drone  
  18  1:35  Drone  
  19  1:43  Drone  
  20  1:57  Drone  
  21  2:05  Drone  
  22  2:08  Overlord  
  22  2:14  Queen  
  24  2:16  Queen  
  24  2:17  Metabolic Boost  
  26  2:26  Zergling x4  
  26  2:29  Zergling x2  
  29  2:31  Drone  
  30  2:37  Overlord  
  30  2:49  Drone  
  31  2:52  Baneling Nest  
  31  2:56  Spine Crawler  
  29  3:04  Drone x2, Zergling x4  
  33  3:09  Drone  
  34  3:15  Queen  
  36  3:36  Queen  
  36  3:40  Baneling x5  
  38  3:48  Zergling x4  
  37  3:59  Zergling x8  
  37  4:00  Overlord  
  38  4:11  Zergling x4  
  37  4:17  Zergling x6  
  37  4:19  Zergling x2  
  37  4:20  Zergling x2  
  37  4:21  Zergling x2  
  39  4:33  Baneling x4  
  39  4:34  Zergling x4  
  35  4:51  Zergling x4  
  35  4:53  Zergling x4  
  36  5:00  Zergling x4  
  37  5:09  Queen  
  37  5:10  Queen  
  37  5:11  Drone x2  
  43  5:20  Zergling x2  
  41  5:29  Baneling  
  41  5:30  Baneling x3  
  41  5:41  Drone x3  
  41  5:42  Hatchery, Overlord  
  43  5:43  Overlord  
  43  5:54  Zergling x2  
  43  5:55  Overlord  
  43  6:15  Evolution Chamber  
  43  6:17  Zergling x16  
  47  6:21  Extractor  
  47  6:22  Drone  
  47  6:24  Extractor  
  46  6:26  Pneumatized Carapace  
  46  6:39  Drone x2  
  48  6:40  Drone x3, Evolution Chamber  
  50  6:48  Lair  
  50  6:54  Drone x3  
  51  6:55  Drone x2  
  55  7:08  Drone x3  
  55  7:09  Drone x3  
  61  7:21  Overlord  
  61  7:22  Overlord  
  61  7:26  Drone x4  
  61  7:27  Drone  
  66  7:47  Zergling x16  
  66  7:49  Zerg Missile Weapons Level 1  
  66  7:51  Zerg Ground Armor Level 1  
  74  7:55  Drone x3  
  74  7:56  Drone x2  
  79  8:00  Hydralisk Den  
  79  8:03  Drone  
  79  8:22  Extractor, Baneling  
  79  8:24  Spore Crawler  
  79  8:25  Extractor, Drone  
  79  8:26  Drone x2  
  79  8:27  Drone x4  
  79  8:33  Grooved Spines  
  83  8:36  Extractor  
  83  8:37  Roach Warren  
  83  8:41  Drone x2  
  83  8:42  Drone x2  
  83  8:44  Drone  
  83  8:45  Drone x2  
  88  9:11  Overlord  
  88  9:12  Overlord x14  
  88  9:16  Glial Reconstitution  
  88  9:21  Lurker Den  
  88  9:22  Infestation Pit  
  86  9:25  Drone x3  
  85  9:34  Spore Crawler  
  85  9:35  Hydralisk x3, Spore Crawler  
  89  9:44  Muscular Augments  
  88  9:47  Hydralisk  
  88  9:48  Hydralisk, Roach x3  
  88  9:49  Roach  
  100  10:00  Spore Crawler  
  100  10:02  Spore Crawler  
  100  10:06  Spore Crawler  
  97  10:07  Hydralisk x4, Spore Crawler  
  104  10:21  Hydralisk  
  104  10:22  Hydralisk x4  
  114  10:29  Drone x2  
  114  10:30  Drone x2  
  118  10:36  Hydralisk  
  118  10:37  Hydralisk x2, Roach  
  126  10:55  Baneling  
  126  10:56  Baneling x9  
  126  10:57  Hydralisk x4  
  126  10:58  Roach x2  
  126  11:01  Centrifical Hooks  
  138  11:13  Hatchery  
  137  11:25  Hydralisk  
  137  11:26  Hydralisk x4, Roach  
  137  11:27  Roach  
  151  11:34  Zerg Missile Weapons Level 2  
  151  11:36  Zerg Ground Armor Level 2  
  151  12:11  Lurker x2  
  151  12:12  Lurker x4  
  83  12:46  Hydralisk  
  83  12:47  Hydralisk x11  
  83  12:48  Roach  
  95  12:57  Drone x13  
  95  12:58  Drone x13  
  121  13:00  Extractor  
  121  13:03  Zergling x2, Roach  
  123  13:15  Spore Crawler  
  123  13:16  Extractor  
  123  13:17  Spore Crawler  
  123  13:18  Zergling x4  
  122  13:20  Hive  
  122  13:45  Extractor  
  122  13:46  Hatchery  
  122  13:47  Spore Crawler  
  122  13:48  Extractor  
  118  13:50  Spore Crawler  
  118  13:51  Spore Crawler, Lurker x2  
  118  13:52  Lurker x4  
  122  14:04  Queen x2  
  122  14:07  Roach  
  122  14:08  Roach x11  
  150  14:16  Zergling x10  
  150  14:17  Zergling x8  
  159  14:32  Hydralisk  
  159  14:33  Hydralisk x6  
Show
View Real Time Build Order
Export as new Build Order

MyrkChoro Terran - Winner!

Build Orders:  

Get SALT Encoding   

  12  0:01  SCV  
  13  0:13  SCV  
  14  0:20  Supply Depot  
  14  0:25  SCV  
  15  0:43  Barracks  
  15  0:45  SCV  
  15  0:49  Refinery  
  16  0:57  SCV  
  17  1:09  SCV  
  18  1:21  SCV  
  19  1:33  SCV  
  19  1:34  Reaper  
  21  1:46  Orbital Command  
  21  1:53  Command Center  
  21  2:05  Supply Depot  
  21  2:12  Barracks Reactor  
  21  2:21  SCV  
  22  2:32  Bunker  
  22  2:33  Factory  
  22  2:34  SCV  
  23  2:46  SCV  
  23  2:50  Marine x2  
  25  2:58  SCV  
  25  3:02  Supply Depot  
  26  3:08  Orbital Command  
  26  3:09  Refinery  
  26  3:10  Marine x2  
  28  3:18  Factory Tech Lab  
  28  3:19  SCV  
  28  3:31  Starport  
  28  3:35  Marine x2  
  30  3:50  SCV  
  30  3:51  SCV  
  30  3:52  Marine  
  30  3:53  Marine  
  31  4:10  Marine x2  
  31  4:12  Siege Tank  
  34  4:28  Marine x2  
  35  4:34  Starport Reactor  
  35  4:41  Barracks  
  35  4:45  Supply Depot  
  35  4:46  Marine x2  
  35  4:47  Supply Depot  
  35  4:49  SCV x2  
  39  5:04  Marine  
  36  5:07  Marine  
  36  5:09  Siege Tank  
  39  5:18  Medivac  
  42  5:21  SCV x2  
  42  5:22  Marine  
  42  5:24  Refinery x2  
  44  5:33  SCV  
  44  5:34  SCV  
  46  5:37  Barracks Tech Lab  
  46  5:40  Barracks  
  46  5:41  Engineering Bay x2  
  46  5:45  SCV  
  46  5:46  SCV  
  48  6:00  SCV x2, Supply Depot  
  48  6:02  Supply Depot  
  48  6:03  Medivac x2  
  54  6:12  SCV  
  54  6:15  Marine  
  56  6:20  Marine x2  
  56  6:21  Stimpack  
  56  6:23  Siege Tank  
  61  6:30  Barracks Reactor  
  61  6:31  Barracks  
  61  6:32  SCV x2  
  63  6:37  Missile Turret  
  63  6:43  Terran Infantry Weapons Level 1  
  63  6:44  SCV x2  
  63  6:46  Command Center  
  65  6:49  Marine x2  
  65  6:50  Marine  
  68  6:56  SCV  
  68  6:57  SCV  
  68  7:01  Siege Tank  
  73  7:07  Marine  
  74  7:08  SCV  
  74  7:09  SCV  
  74  7:14  Medivac  
  78  7:17  Terran Infantry Armor Level 1  
  78  7:20  Armory  
  78  7:21  SCV x2, Barracks Tech Lab  
  80  7:28  Marine x2  
  82  7:35  Barracks  
  81  7:58  Siege Tank  
  84  7:59  Marine x2  
  84  8:01  Viking x2  
  90  8:11  Missile Turret  
  90  8:12  SCV x2, Missile Turret  
  92  8:17  Planetary Fortress  
  92  8:37  Refinery  
  92  8:38  Refinery, Marine x3  
  92  8:39  Marine  
  96  8:46  Missile Turret  
  83  9:20  Marine x5  
  83  9:21  Marine  
  83  9:23  Barracks Reactor  
  83  9:24  Medivac x2  
  91  9:25  Siege Tank  
  91  9:28  Missile Turret  
  91  9:30  SCV, Missile Turret  
  97  9:43  SCV  
  98  9:55  SCV  
  98  9:59  Missile Turret  
  99  10:06  Missile Turret  
  100  10:07  SCV  
  100  10:08  SCV  
  100  10:10  Missile Turret  
  100  10:13  Terran Infantry Armor Level 2, Terran Infantry Weapons Level 2  
  101  10:15  SCV, Thor  
  101  10:17  Supply Depot  
  101  10:18  Supply Depot  
  101  10:20  SCV, Supply Depot x2  
  109  10:22  Supply Depot, Terran Vehicle Weapons Level 1  
  109  10:23  Drilling Claws  
  109  10:30  Factory  
  109  10:38  SCV x3  
  112  10:54  Liberator x2  
  118  11:29  Factory Reactor, Siege Tank  
  118  11:31  SCV x3  
  124  11:43  SCV x2  
  120  13:04  Marine  
  120  13:05  Marine x7  
  126  13:22  Marine x6  
  126  13:23  Marine x2  
  126  13:25  Siege Tank  
  136  13:30  Widow Mine x2  
  140  13:39  Marine  
  140  13:40  Marine x7  
  148  13:55  Supply Depot x2  
  148  13:57  Marine, Supply Depot x2  
  149  14:16  Marine x3  
  149  14:17  Marauder x2, Marine x2, Medivac x2, Siege Tank  
  157  14:18  Marine  
  157  14:19  Widow Mine x2  
  167  14:34  Marine x4  
  168  14:39  Marauder  
  168  14:40  Widow Mine  
  172  14:47  Widow Mine  
Tags
 
Add a new tag
Caveats
  • Supply blocks, unpowered buildings, or Contaminate may cause inaccurate times.
  • Supply counts are checked every 10 seconds.